 Dungeon Crawl Stone Soup version 0.27.1-33-g824d729ab1 (webtiles) character file.

Game seed: 2132833629630752089

1 tanglemaster the Magician (level 1, 0/12 HPs)
             Began as an Octopode Hedge Wizard on Dec 23, 2021.
             Slain by a goblin (2 damage)
             ... on level 1 of the Dungeon.
             The game lasted 00:00:19 (33 turns).

tanglemaster the Magician (Octopode Hedge Wizard)     Turns: 33, Time: 00:00:21

Health: 0/12       AC:  1    Str:  9    XL:     1   Next: 20%
Magic:  4/4        EV: 13    Int: 16    God:
Gold:   0          SH:  0    Dex: 11    Spells: 5/6 levels left

rFire    . . .     SeeInvis .   a - +0 dagger
rCold    . . .     Faith    .   (no shield)
rNeg     . . .     Spirit   .   b - +0 hat
rPois    .         Reflect  .   (no amulet)
rElec    .         Harm     .   (no ring)
rCorr    .         Rampage  .   (no ring)
Will     .....                  (no ring)
Stlth    +++.......             (no ring)
HPRegen  0.04/turn              (no ring)
MPRegen  0.09/turn              (no ring)
                                (no ring)
                                (no ring)

@: no status effects
A: almost no armour, amphibious, 8 rings, camouflage 1, gelatinous body 1,
(nimble swimmer 1), tentacles
a: no special abilities


You were on level 1 of the Dungeon.
You visited 1 branch of the dungeon, and saw 1 of its levels.

Inventory:

Hand Weapons
 a - a +0 dagger (weapon)
Armour
 b - a +0 hat (worn)


   Skills:
 + Level 0.4 Fighting
 - Level 2.0 Dodging
 - Level 2.6 Stealth
 - Level 3.0 Spellcasting
 - Level 1.0 Conjurations
 - Level 1.0 Summonings
 - Level 1.0 Translocations


You had 5 spell levels left.
You knew the following spells:

 Your Spells              Type           Power      Damage    Failure   Level
a - Magic Dart            Conj           20%        1d4       12%         1

Your spell library contained the following spells:

 Spells                   Type           Power      Damage    Failure   Level
 Blink                    Tloc           N/A        N/A       19%         2
 Call Imp                 Summ           5%         N/A       19%         2
 Slow                     Hex            2%         N/A       28%         2
 Conjure Flame            Conj/Fire      4%         6-21      41%         3
 Mephitic Cloud           Conj/Pois/Air  3%         N/A       43%         3


Dungeon Overview and Level Annotations

Branches:
Dungeon (1/15)

Altars:


Innate Abilities, Weirdness & Mutations

You cannot wear most types of armour.
You are amphibious.
You can wear up to eight rings at the same time.
Your skin changes colour to match your surroundings (Stealth+).
Your rubbery body absorbs attacks. (AC +1, EV +1)
((You are camouflaged near water. (Stealth+)))
You have tentacles for arms and can constrict up to eight enemies at once.


Message History

Okay, then.
A quokka comes into view.
A quokka is nearby!
A quokka is nearby!
A quokka is nearby!
A goblin comes into view. It is wielding a +0 dagger of speed.
The goblin shouts!
The quokka barely misses you.
You closely miss the goblin. You grab the goblin. You constrict the goblin.
The quokka barely misses you.
The goblin hits you with a +0 dagger of speed.
You release your grip on the goblin.
Press: ? - help, v - describe, . - travel
Here: a goblin, wielding a +0 dagger of speed (moderately wounded)
The floor.
Unknown command.
You miss the quokka. You grab the quokka. You constrict the quokka.
The quokka bites you.
You hit the quokka but do no damage.
The quokka is moderately wounded.
You constrict the quokka, but do no damage.
The quokka closely misses you.
You hit the quokka.
The quokka is heavily wounded.
You constrict the quokka. The quokka barely misses you. The quokka bites you.
* * * LOW HITPOINT WARNING * * *
You hit the quokka.
The quokka is almost dead.
You constrict the quokka.
You kill the quokka!
You closely miss the goblin. Your grab misses the goblin.
The goblin is moderately wounded.
The goblin completely misses you.
You hit the goblin. You grab the goblin.
The goblin is heavily wounded.
You constrict the goblin.
The goblin hits you with a +0 dagger of speed.
* * * LOW HITPOINT WARNING * * *
The goblin hits you with a +0 dagger of speed.
You die...

. #...#.....#
..#..#...#..## #######
..#..#..#....# .......
#.#.#..#.....# .......
#.#.#.#...#..# .......
.#.#.#..##...# ##.......
#...#.##.....# #........
.....#.......#####........
..<...######....@g...#####
.....#........########
#...#.##......#
.#.#.#).##....#
#.#.#.#...#...# . .
..#......# .. . ..#.....#
.. .. ...#....#


You could see a goblin.

Vanquished Creatures
  A quokka (D:1)
1 creature vanquished.

Notes
Turn   | Place    | Note
-------+----------+-------------------------------------------
     0 | D:1      | tanglemaster the Octopode Hedge Wizard began the quest for
                  | the Orb.
     0 | D:1      | Reached XP level 1. HP: 11/11 MP: 4/4
    33 | D:1      | Slain by a goblin

Illustrated notes

Levels and vault maps discovered:
D:1:      minmay_arrival_radiant_lines, layout_basic, corner_web_ring,
          minmay_ruptured

Action                   || total
-------------------------++-------
Melee: Dagger            ||     7
       Constrict         ||     3
Dodge: Dodged            ||     5
